 Dungeon Crawl Stone Soup version 0.19-a0-1682-g5114f93 (webtiles) character file.

3026 rgaf the Basher (level 9, -12/79 HPs)
             Began as a Minotaur Hunter on Sept 25, 2016.
             Was an Initiate of Okawaru.
             Mangled by an orc warrior
             ... wielding a +0 glaive
              (16 damage)
             ... on level 7 of the Dungeon.
             The game lasted 00:14:05 (7823 turns).

rgaf the Basher (Minotaur Hunter)                   Turns: 7823, Time: 00:14:05

Health: -12/79     AC: 15    Str: 17    XL:     9   Next: 55%
Magic:  8/8        EV: 12    Int: 11    God:    Okawaru [......]
Gold:   205        SH:  0    Dex: 11    Spells: 0 memorised, 8 levels left

rFire  + . .     SeeInvis .     a - +1 hand crossbow
rCold  . . .     Gourm    .     q - +0 chain mail
rNeg   . . .     Faith    .     (no shield)
rPois  .         Spirit   .     n - +0 hat
rElec  .         Dismiss  .     A - +0 cloak
rCorr  .         Reflect  .     y - +1 pair of gloves
MR     .....     Harm     .     (no boots)
Stlth  ..........               (no amulet)
                                m - +4 ring of evasion
                                e - ring of protection from fire

@: no status effects
A: retaliatory headbutt, horns 2
a: Renounce Religion


You were on level 7 of the Dungeon.
You worshipped Okawaru.
Okawaru was noncommittal.
You were very hungry.

You visited 2 branches of the dungeon, and saw 8 of its levels.

You collected 205 gold pieces.

Inventory:

Hand Weapons
 a - a +1 hand crossbow (weapon)
 b - the +1 flail of Sloth {crush, rN+ MR+ Int+2 Stlth+}
   (You found it on level 4 of the Dungeon)

   It inflicts extra damage upon your enemies.
   It affects your intelligence (+2).
   It protects you from negative energy.
   It affects your resistance to hostile enchantments.
   It makes you more stealthy.
Missiles
 d - 54 bolts (quivered)
Armour
 n - a +0 hat (worn)
 q - a +0 chain mail (worn)
 y - a +1 pair of gloves (worn)
 A - a +0 cloak (worn)
Jewellery
 e - a ring of protection from fire (left hand)
 m - a +4 ring of evasion (right hand)
Scrolls
 k - 2 scrolls of magic mapping
 l - 2 scrolls of remove curse
 o - a scroll of identify
 t - 3 scrolls of blinking {unknown}
 u - a scroll of immolation {unknown}
 x - 3 scrolls of fear
 z - a scroll of amnesia {unknown}
Potions
 h - 2 potions of magic {unknown}
 i - 2 potions of mutation {unknown}
 j - a potion of might {unknown}
 p - a potion of lignification {unknown}
 r - 3 potions of brilliance
 s - 2 potions of degeneration {unknown}
Comestibles
 f - 4 bread rations
 g - 2 meat rations
 v - a beef jerky


   Skills:
 + Level 7.0 Fighting
 * Level 8.9 Maces & Flails
 + Level 8.7 Crossbows
 * Level 8.0 Armour
 - Level 2.1 Dodging
 - Level 0.7 Stealth


You had 8 spell levels left.
You didn't know any spells.

Dungeon Overview and Level Annotations

Branches:
Dungeon (7/15)             Temple (1/1) D:6

Altars:
Ashenzari
Cheibriados
Dithmenos
Elyvilon
Fedhas
Gozag
Hepliaklqana
Kikubaaqudgha
Makhleb
Nemelex Xobeh
Okawaru
Qazlal
Ru
Sif Muna
Uskayaw
Vehumet
Xom
Yredelemnul
Zin
The Shining One

Shops:
D:5 =   D:6 [


Innate Abilities, Weirdness & Mutations

You reflexively headbutt those who attack you in melee.
You have a pair of horns on your head.


Message History

Press: ? - help, Shift-Dir - straight line, f/p - orc warrior
Aim: an orc warrior, wielding a glaive and wearing a chain mail (heavily wounded)
You shoot a bolt.
The bolt completely misses the orc warrior.
The orc warrior hits you from afar with a glaive.
* * * LOW HITPOINT WARNING * * *
Firing (i - inventory):
d - 56 bolts (quivered)
Press: ? - help, Shift-Dir - straight line, f/p - orc warrior
Aim: an orc warrior, wielding a glaive and wearing a chain mail (heavily wounded)
You shoot a bolt.
The bolt hits the orc warrior but does no damage.
The orc warrior is heavily wounded.
Firing (i - inventory):
d - 55 bolts (quivered)
Press: ? - help, Shift-Dir - straight line, f/p - orc warrior
Aim: an orc warrior, wielding a glaive and wearing a chain mail (heavily wounded)
You shoot a bolt.
The bolt hits the orc warrior but does no damage.
The orc warrior is heavily wounded.
The orc warrior hits you from afar with a glaive!
You die...

#########
############.......#####
......................##
...##..######.............
:.(...)o)@................
#.....######.......#....#.
..#.. #.#######....# ..#
##?# ##....# .. ##..#
##.....# #
...######......##
....#....<.......
......##....#####
.................


You could see an orc warrior.

Vanquished Creatures
  The ghost of razgard the Cleaver, a novice DsGl of Okawaru (D:6)
  A wyvern (D:6)
  Eustachio (D:5)
  Duvessa (D:5)
  An ice beast (D:5)
  A sky beast (D:5)
  2 phantoms
  4 ogres
  A centaur (D:5)
  A bullfrog (D:7)
  A gnoll sergeant (D:5)
  Dowan (D:5)
  2 scorpions (D:4)
  2 howler monkeys
  3 crimson imps
  A bullfrog zombie (D:7)
  A jelly (D:5)
  4 orc priests
  3 gnoll shamans (D:5)
  3 orc wizards (D:5)
  5 worker ants
  A hound zombie (D:5)
  27 gnolls (D:5)
  7 adders
  3 oozes
  An adder zombie (D:6)
  A dart slug (D:5)
  2 worms (D:2)
  2 leopard geckos
  12 orcs
  4 giant cockroaches
  7 goblins
  8 hobgoblins
  28 jackals
  A ball python (D:4)
  7 bats
  8 frilled lizards
  7 kobolds
  2 rats
168 creatures vanquished.

Notes
Turn   | Place    | Note
-------+----------+-------------------------------------------
     0 | D:1      | rgaf the Minotaur Hunter began the quest for the Orb.
     0 | D:1      | Reached XP level 1. HP: 18/18 MP: 0/0
    28 | D:1      | Reached XP level 2. HP: 17/25 MP: 1/1
   222 | D:1      | Reached skill level 5 in Crossbows
   718 | D:2      | Reached XP level 3. HP: 25/31 MP: 2/2
  1544 | D:2      | Reached XP level 4. HP: 38/39 MP: 3/3
  1766 | D:3      | Found a blossoming altar of Fedhas.
  2083 | D:4      | Reached XP level 5. HP: 26/46 MP: 4/4
  2309 | D:4      | Noticed an ogre
  2316 | D:4      | Killed an ogre
  2527 | D:4      | Found a shadowy altar of Dithmenos.
  2529 | D:4      | Found an opulent altar of Gozag.
  2593 | D:4      | Reached XP level 6. HP: 45/55 MP: 5/5
  2612 | D:4      | Reached skill level 5 in Fighting
  3037 | D:4      | Found a sacrificial altar of Ru.
  3358 | D:4      | Got an ivory flail
  3359 | D:4      | Identified the cursed +1 flail of Sloth {crush, rN+ MR+ Int+2 Stlth+} (You found it on level 4 of the Dungeon)
  3378 | D:5      | Entered Level 5 of the Dungeon
  3606 | D:5      | Reached XP level 7. HP: 53/61 MP: 6/6
  3701 | D:5      | Noticed Dowan
  3703 | D:5      | Noticed Duvessa
  3761 | D:5      | Noticed Eustachio
  3783 | D:5      | Killed Eustachio
  3869 | D:5      | Reached skill level 1 in Armour
  4209 | D:5      | Reached skill level 5 in Maces & Flails
  4209 | D:5      | Reached XP level 8. HP: 70/70 MP: 7/7
  4285 | D:5      | Found Silotie's Jewellery Shop.
  4309 | D:5      | Found a radiant altar of Vehumet.
  4609 | D:5      | Reached skill level 5 in Armour
  5249 | D:6      | Noticed razgard's ghost (novice DsGl)
  6023 | D:5      | Killed Dowan
  6569 | D:5      | Killed Duvessa
  6569 | D:5      | Reached XP level 9. HP: 36/75 MP: 8/8
  7035 | D:6      | Found a staircase to the Ecumenical Temple.
  7111 | D:6      | Killed razgard's ghost
  7481 | Temple   | Entered the Ecumenical Temple
  7488 | Temple   | Became a worshipper of Warmaster Okawaru
  7504 | D:6      | Found Eclem's Armour Shoppe.
  7823 | D:7      | Mangled by an orc warrior

Vault maps used:
D:1:      eino_arrival_druids_welcome
D:2:      first_bread
D:3:      lemuel_doored_altar
D:4:      nicolae_overflow_hidden_temple, nicolae_ru_awakened_eye
D:5:      lemuel_castle_with_subvaults, lemuel_round_altar, serial_shops, shop,
          uniq_duvessa, uniq_eustachio
D:6:      serial_shops, nicolae_shop_waterfront
D:7:      water_boxes_lemuel, uniq_joseph
Temple:   nicolae_temple_no_exploring_needed

Skill      XL: |  1  2  3  4  5  6  7  8  9 |
---------------+----------------------------+-----
Fighting       | 3 4 5 7 |  7.0
Crossbows      | 5 6 7 8 |  8.7
Maces & Flails | 5 7 8 |  8.9
Armour         | 3 6 8 |  8.0
Dodging        | |  2.1
Stealth        | |  0.7

Action                   |  1- 3 |  4- 6 |  7- 9 || total
-------------------------+-------+-------+-------++-------
Melee: Short sword       |   120 |    87 |       ||   207
       Headbutt          |    18 |    25 |    64 ||   107
       Flail             |       |    24 |   413 ||   437
 Fire: Hand crossbow     |       |     8 |    11 ||    19
  Use: Scroll            |     4 |       |     4 ||     8
       Potion            |       |       |     5 ||     5
 Stab: Sleeping          |       |     1 |       ||     1
       Distracted        |       |       |     1 ||     1
  Eat: Chunk             |     1 |     7 |     6 ||    14
       Beef jerky        |       |       |     2 ||     2
       Meat ration       |       |       |     1 ||     1
Armor: Leather armour    |    38 |    44 |    32 ||   114
       Ring mail         |       |       |   107 ||   107
       Chain mail        |       |       |    39 ||    39
Dodge: Dodged            |    93 |    72 |   285 ||   450
